[Event "Summer Prague Open-A 2022"]
[Site "Prague"]
[Date "2022.08.10"]
[Round "7.8"]
[White "Lalic, Bogdan"]
[Black "Guz, Ari"]
[Result "1-0"]
[ECO "E32"]
[WhiteElo "2412"]
[BlackElo "2331"]
[Annotator "TA"]
[PlyCount "77"]
[EventDate "2022.08.05"]
[EventType "swiss"]
[EventCountry "CZE"]
[SourceTitle "playchess.com"]
[Source "ChessBase"]
[SourceQuality "1"]
[TimeControl "40/5400+30:1800+30"]

1. d4 Nf6 2. c4 e6 3. Nc3 Bb4 4. Qc2 d6 5. Bd2 O-O 6. a3 {[%emt 0:00:19] E32: Nimzo-Indian: Classical (4 Qc2): 4...0-0.} Bxc3 7. Bxc3 b6 8. e4 {[%emt 0:00:42] The position is equal.} Bb7 9. Bd3 c5 {[%emt 0:01:07][%cal Ob6b5] [#]} 10. d5 $146 ({Predecessor:} 10. Ne2 cxd4 11. Nxd4 Nbd7 12. O-O-O Ne5 13. Rhe1 Rc8 14. Nb5 a6 15. Bxe5 axb5 16. Bxd6 Qxd6 {½-½ (30) Adhiban,B (2556)-Bitoon,R (2403) Manila 2013}) 10... Nbd7 11. Ne2 exd5 12. exd5 Ne5 13. O-O Re8 (13... Nxd3 $14 {is more appropriate.} 14. Qxd3 b5) 14. Ng3 $16 b5 15. b3 a5 16. a4 bxc4 17. bxc4 Ba6 18. Rfe1 Rb8 19. Bf1 Bc8 (19... Kf8 $142 20. f4 Ng6) 20. f4 $18 Ned7 21. Nf5 {[%emt 0:16:37] Threatens to win with Rxe8+.} Nf8 22. Rxe8 Nxe8 23. Ng3 {[%emt 0:03:42] White is much more active. The black rooks are badly placed.} Ng6 24. Re1 Bd7 (24... Nxf4 $2 25. Bxa5 $1 Qd7 26. Qe4 $18) 25. Qd2 Bxa4 26. Bxa5 Qf6 (26... Qh4 $14) 27. f5 Ne5 28. Bc3 {[%emt 0:01:21] This bishop pair is nice.} Qh4 29. Bxe5 dxe5 30. Ne4 Bd7 (30... Rc8 $16) 31. Nxc5 Bxf5 32. Rxe5 (32. Na6 $142 Ra8 33. Rxe5) 32... Nd6 $16 33. Qf2 (33. Re1 $1 $16) 33... Qf6 (33... Qxf2+ $14 34. Kxf2 h5) 34. Re1 Rc8 {[%emt 0:01:22] [#] This costs Black the game.} (34... h5 $16) 35. Nb3 $1 $18 {[%emt 0:04:08] aiming for c5.} g6 (35... Ne4 {was worth a try.} 36. Qe3 h6) 36. c5 Rb8 (36... Nb7 $142 37. g4 Qg5) 37. cxd6 {[%emt 0:03:56] White is clearly winning.} Rxb3 (37... Qxd6 $142 38. Qd4 h5) 38. d7 {[%emt 0:00:15] Intending Re8+ and mate.} Kg7 {[%emt 0:00:34] [#]} 39. Re8 $1 {[%emt 0:00:05] Weighted Error Value: White=0.13 (very precise) /Black=0.28 (precise)} 1-0

[Event "Summer Prague Open-A 2022"]
[Site "Prague"]
[Date "2022.08.10"]
[Round "7.9"]
[White "Hrabusa, Matej"]
[Black "Kambrath, Yannick"]
[Result "1/2-1/2"]
[ECO "D30"]
[WhiteElo "2354"]
[BlackElo "2401"]
[Annotator "TA"]
[PlyCount "54"]
[EventDate "2022.08.05"]
[EventType "swiss"]
[EventCountry "CZE"]
[SourceTitle "playchess.com"]
[Source "ChessBase"]
[SourceQuality "1"]
[TimeControl "40/5400+30:1800+30"]

1. d4 d5 2. c4 e6 3. Nf3 Nf6 4. g3 Bb4+ 5. Nbd2 dxc4 6. Bg2 b5 {[%emt 0:02:03] Inhibits Qa4. E04: Open Catalan: 5 Nf3.} 7. O-O a5 8. a3 Be7 9. b3 cxb3 $1 10. Qxb3 c6 11. Ne5 Bb7 (11... Qxd4 $2 12. Nxc6 $1 Qd7 13. Ne5 $18 (13. Qxb5 Nd5 $11) (13. Nxe7 Bb7 $16)) 12. Bb2 O-O 13. Rfc1 {[%emt 0:06:15] [#]} Ra6 $146 ({Predecessor:} 13... Nfd7 14. Nd3 Qb6 15. Ne4 Na6 16. Qc3 b4 17. axb4 axb4 18. Qc4 Rfb8 19. Bh3 Qd8 {1-0 (36) Bosiocic,M (2611)-Dragnev,V (2535) Spilimbergo 2019}) 14. a4 Rb6 15. axb5 Rxb5 16. Qc2 c5 17. Bxb7 Rxb7 18. Ndc4 Ra7 19. dxc5 Bxc5 20. Nd3 Be7 21. Qa4 Qd5 22. Nxa5 (22. Nb6 $5 Qb7 23. Bd4 $11) 22... Bd8 23. Rc5 Qa8 24. Ne5 $2 {[%emt 0:05:15] [#]} (24. Bd4 $11 {and White has nothing to worry.}) 24... Nbd7 $2 (24... Ne4 $1 $19 25. Rb5 Nd6 26. Rxb8 (26. Rc5 $2 Nb7 $19) 26... Qxb8) 25. Nxd7 $11 {[%emt 0:01:47] The position is equal.} Nxd7 26. Rb5 Bf6 27. Bxf6 Nxf6 {[%emt 0:00:14] Weighted Error Value: White=0.16 (very precise) /Black=0.13 (very precise)} 1/2-1/2

[Event "Summer Prague Open-A 2022"]
[Site "Prague"]
[Date "2022.08.10"]
[Round "7.10"]
[White "Weishaeutel, Moritz"]
[Black "Santagati, Alessandro"]
[Result "1-0"]
[ECO "C02"]
[WhiteElo "2400"]
[BlackElo "2299"]
[Annotator "RC"]
[PlyCount "55"]
[EventDate "2022.08.05"]
[EventType "swiss"]
[EventCountry "CZE"]
[SourceTitle "playchess.com"]
[Source "ChessBase"]
[SourceQuality "1"]
[TimeControl "40/5400+30:1800+30"]

1. e4 e6 2. d4 d5 3. e5 c5 4. c3 Nc6 5. Nf3 Qb6 6. Bd3 cxd4 7. O-O Bd7 8. Re1 Nge7 9. h4 h6 10. Nbd2 dxc3 11. bxc3 Na5 12. Ba3 Nec6 13. Bxf8 Rxf8 14. Rb1 Qc7 15. c4 O-O-O 16. cxd5 exd5 17. Nb3 Nxb3 18. Qxb3 Bg4 19. Rec1 Bxf3 20. gxf3 Kb8 21. Ba6 b6 22. Qa4 Rc8 23. Bb5 Qxe5 24. Bxc6 Qc7 25. Kg2 g5 26. h5 g4 27. f4 Qd8 28. Qa6 1-0

[Event "Summer Prague Open-A 2022"]
[Site "Prague"]
[Date "2022.08.10"]
[Round "7.11"]
[White "Neuman, Petr"]
[Black "Karas, Marek"]
[Result "1-0"]
[ECO "A16"]
[WhiteElo "2378"]
[BlackElo "2286"]
[Annotator "TA"]
[PlyCount "71"]
[EventDate "2022.08.05"]
[EventType "swiss"]
[EventCountry "CZE"]
[SourceTitle "playchess.com"]
[Source "ChessBase"]
[SourceQuality "1"]
[TimeControl "40/5400+30:1800+30"]

1. c4 Nf6 2. Nc3 e5 3. e3 Bb4 4. Nge2 O-O 5. a3 Be7 6. d4 exd4 7. Qxd4 {[%emt 0:00:17] A22: English Opening: 1...e5 2 Nc3 Nf6.} c6 8. Nf4 Na6 9. b4 {[%emt 0:03:45] Against Nc5. The position is equal.} c5 10. bxc5 Nxc5 11. Qd1 {[%emt 0:00:31] [#] Against Nb3} Nce4 $146 ({Predecessor:} 11... Nfe4 12. Bb2 Bf6 13. Qc2 Nxc3 14. Bxc3 b6 15. Bd3 Bxc3+ 16. Qxc3 Bb7 17. O-O Ne6 18. Qc2 Nxf4 19. exf4 g6 20. Be4 Bxe4 21. Qxe4 Rc8 22. Rad1 Re8 {½-½ (22) Dittmar,P-Bellmann,H freechess.de 2018}) 12. Bd2 Nxc3 13. Bxc3 Ne4 14. Bb4 Bxb4+ (14... Bf6 $11 {keeps the balance.}) 15. axb4 $16 Qf6 {[%emt 0:00:15] ...Qc3+ is the strong threat.} 16. Bd3 g5 {[%emt 0:10:05] [#] This costs Black the game.} (16... Nc3 $16 17. Qc1 (17. Qh5 g6 $11) 17... d5) 17. O-O $1 $18 gxf4 (17... Nc3 18. Nh5) 18. Bxe4 Qe5 19. Qg4+ Kh8 20. Qxf4 Qxf4 21. exf4 Re8 22. Bd5 Kg7 23. g4 d6 24. f5 Kf6 25. Kg2 a6 26. Kg3 Rb8 27. Rad1 Re5 (27... h5 $142 28. h3 (28. gxh5 Bxf5 29. Bf3 Red8 $16) 28... b6) 28. Kf4 {[%emt 0:07:10] [#] Threatens to win with Be4.} b5 (28... b6 {was called for.} 29. Rd2 Kg7) 29. c5 Bxf5 30. cxd6 {[%emt 0:04:16] aiming for g5+.} ({But not} 30. gxf5 Rbe8 31. f3 (31. cxd6 Rxf5+ 32. Kg4 Rg8+ 33. Kh4 Rf4+ 34. Kh3 Rf5 $11) 31... Rxf5+ 32. Kg3 Rg5+ 33. Kf2 dxc5 34. bxc5 Rd8) 30... Bd7 (30... Be6 {is a better defense.}) 31. Rfe1 Rxe1 32. Rxe1 Rb6 33. g5+ Kg6 34. Re7 Rxd6 35. Bxf7+ Kg7 36. Be8+ {[%emt 0:00:08] Weighted Error Value: White=0.21 (precise) /Black=0.65} 1-0

[Event "Summer Prague Open-A 2022"]
[Site "Prague"]
[Date "2022.08.10"]
[Round "7.12"]
[White "Meissner, Felix"]
[Black "Nemeth, Zalan"]
[Result "0-1"]
[ECO "B23"]
[WhiteElo "2381"]
[BlackElo "2194"]
[Annotator "RC"]
[PlyCount "106"]
[EventDate "2022.08.05"]
[EventType "swiss"]
[EventCountry "CZE"]
[SourceTitle "playchess.com"]
[Source "ChessBase"]
[SourceQuality "1"]
[TimeControl "40/5400+30:1800+30"]

1. e4 c5 2. Nc3 Nc6 3. f4 g6 4. Nf3 Bg7 5. Bb5 Nd4 6. Bc4 e6 7. Nxd4 cxd4 8. Nb5 d5 9. exd5 exd5 10. Bd3 a6 11. Na3 Ne7 12. O-O O-O 13. Qf3 Re8 14. c3 Bf5 15. Nc2 Qb6 16. Kh1 Bxd3 17. Qxd3 Nf5 18. cxd4 Re4 19. Rb1 Rc8 20. b3 Qc7 21. Ne3 Rxd4 22. Qe2 Re4 23. d3 Rxe3 24. Bxe3 Qe7 25. Rbe1 Re8 26. Qd2 Nxe3 27. d4 Nxf1 28. Rxe7 Rxe7 29. Qb4 Bf8 30. Qa5 Re4 31. g3 Ne3 32. Qb6 Nf5 33. Qxb7 Rxd4 34. Qxa6 Ne3 35. Kg1 Rd2 36. Qa5 Rg2+ 37. Kh1 Rf2 38. h3 d4 39. Qe5 Rf1+ 40. Kh2 Rf2+ 41. Kg1 Rxa2 42. Qxd4 Rg2+ 43. Kh1 Rxg3 44. b4 Rxh3+ 45. Kg1 Nf5 46. Qc4 Bd6 47. b5 Rg3+ 48. Kh1 Rf3 49. Qc6 Rf1+ 50. Kg2 Ne3+ 51. Kh3 Bxf4 52. b6 Rf2 53. Qh1 Rg2 0-1

[Event "Summer Prague Open-A 2022"]
[Site "Prague"]
[Date "2022.08.10"]
[Round "7.13"]
[White "Pap, Gyula"]
[Black "Mirimanian, Hayk"]
[Result "1/2-1/2"]
[ECO "B40"]
[WhiteElo "2481"]
[BlackElo "2228"]
[Annotator "TA"]
[PlyCount "21"]
[EventDate "2022.08.05"]
[EventType "swiss"]
[EventCountry "CZE"]
[SourceTitle "playchess.com"]
[Source "ChessBase"]
[SourceQuality "1"]
[TimeControl "40/5400+30:1800+30"]

1. e4 c5 2. Nf3 e6 3. c4 Nc6 4. Nc3 a6 5. d4 cxd4 6. Nxd4 Qc7 7. a3 Nf6 8. Be3 {[%emt 0:03:26] White is slightly better.} b6 {[%emt 0:08:06] B41: Sicilian: Kan Variation: 5 c4.} 9. Rc1 {[%emt 0:08:33] White is more active.} Bb7 10. Nxc6 {[%emt 0:00:14] [#]} {Predecessor:} dxc6 $146 11. Bd3 {½-½ (11) Packroff,H (2008)-Hellwege,W (1870) Plau am See 2005} 1/2-1/2

[Event "Summer Prague Open-A 2022"]
[Site "Prague"]
[Date "2022.08.10"]
[Round "7.14"]
[White "Kovalskyi, Roman"]
[Black "Schmaltz, Roland"]
[Result "0-1"]
[ECO "B07"]
[WhiteElo "2056"]
[BlackElo "2466"]
[Annotator "TA"]
[PlyCount "120"]
[EventDate "2022.08.05"]
[EventType "swiss"]
[EventCountry "CZE"]
[SourceTitle "playchess.com"]
[Source "ChessBase"]
[SourceQuality "1"]
[TimeControl "40/5400+30:1800+30"]

1. e4 d6 2. d4 Nf6 3. Nc3 e5 4. Nge2 Nbd7 5. h3 h5 6. Be3 {[%emt 0:00:55] [#] B07: Pirc Defence: Miscellaneous Systems.} a6 $146 ({Predecessor:} 6... c6 7. a4 Qc7 8. Qd2 Be7 9. g3 b6 10. Bg2 Bb7 11. O-O O-O 12. f4 exd4 13. Nxd4 {½-½ (36) Silva,O (2341)-Koelle,T (2275) Chess.com INT 2020}) 7. a4 b6 8. g3 {[%emt 0:01:11] White is slightly better.} Bb7 9. Bg2 Be7 10. O-O O-O 11. Qd2 Re8 12. d5 c6 13. dxc6 Bxc6 14. b4 Bb7 15. Rac1 Rc8 16. Qd3 {[%emt 0:05:24] Inhibits Rc4.} Qc7 17. Rfd1 Qc4 18. b5 a5 19. f3 (19. h4 $11) 19... Rc7 20. Bf1 Rec8 21. Kg2 Qb4 22. Bd2 Nc5 23. Qe3 Nxa4 {[%emt 0:01:09] Black is much more active.} (23... Qc4 $17 24. h4 g6) 24. Nxa4 $11 Qxa4 25. Qxb6 $2 (25. c4 $1 $14 {is the one way to stay ahead.}) 25... Nxe4 $17 26. Ra1 $2 {[%emt 0:15:29] [#]} (26. Qxa5 $17 Qc4 27. Be3 (27. Nc3 $2 Nxd2 28. Bxc4 Nxc4 $17)) 26... Qxa1 $3 $19 27. Rxa1 Nxd2 28. Qxa5 Rxc2 {[%emt 0:01:40] Dancing on a razor blade.} (28... Bxf3+ $2 29. Kf2 Rxc2 30. b6 $19) 29. Ra2 Bxf3+ 30. Kf2 d5 31. b6 (31. Qxd2 $142 Rxd2 32. Rxd2) 31... Bc5+ $2 (31... Rxa2 32. b7 Rxa5 $1 33. bxc8=Q+ Bf8) 32. Ke1 {[%emt 0:00:14] [#]} Rxa2 (32... Bxb6 $1 $19 33. Rxc2 Bxa5 34. Rxc8+ Kh7) 33. Qxa2 (33. b7 $11 Rb8 34. Qxa2) 33... Ne4 34. Qb3 {[%emt 0:02:41] [#] Inhibits Bb4+.} Bf2+ $2 (34... Ra8 $1 {( -> ...Ra1+)} 35. Kd1 Ra3 36. Qxa3 Bxa3) 35. Kd1 Rc3 36. Qb2 (36. Qxd5 Be3 37. Qa8+ Kh7 38. Qxe4+ Bxe4 39. Nxc3 Bf3+ 40. Be2 Bxe2+ 41. Kxe2 Bxb6 42. g4) 36... Rd3+ ({Less strong is} 36... Bxg3 37. b7 Nf2+ 38. Kd2 Ne4+ 39. Kd1 Nf2+ 40. Ke1 Nd3+ 41. Kd2 Be1+ 42. Ke3 Bf2+ 43. Kxf3 Nxb2+ 44. Nxc3 $11) 37. Kc1 Be3+ 38. Kb1 Rd1+ 39. Nc1 Bxc1 ({Inferior is} 39... Rxf1 40. b7 f6 41. g4 $17 (41. b8=Q+ Kh7 $17)) 40. b7 Bxb2+ 41. Kxb2 Rxf1 42. b8=Q+ Kh7 43. Qxe5 Nf6 44. Qf5+ Kh6 {[%emt 0:00:16] aiming for ...Bg2.} 45. Qf4+ {[%emt 0:00:16] [#]} Kg6 $1 46. h4 Bg2 47. Qg5+ Kh7 48. Qe5 Be4 49. Kc3 Rf3+ 50. Kb4 Bg6 51. Qd6 Rd3 (51... Re3 $142 52. Ka5 Rd3 53. Qf4 d4 54. Kb5 Nd5 55. Qe5 Nc3+ 56. Kc4 f6 57. Qe1 Re3 58. Qd2 Rxg3 59. Qe1 {[#]} Ne2 $1 60. Kb5 d3 61. Qd2 Rg4 62. Qb2 Nd4+ 63. Kb6 Nf3 64. Kc7 d2 65. Qa1 Rg1 66. Qa4 d1=Q 67. Qxd1 Rxd1 68. Kc6 Nxh4 69. Kc5 Nf5 70. Kc4 h4 71. Kc3 h3 72. Kc2 Ne3+ 73. Kb2 h2 74. Kb3 h1=Q 75. Kb2 Rb1+ 76. Kc3 Qc1+ 77. Kd4 Rb4#) 52. Qe5 d4 53. Kc4 Ng4 54. Qe2 Re3 {[%emt 0:00:44] Black mates.} 55. Qg2 d3 56. Kc3 Re2 57. Qf3 Rc2+ 58. Kd4 d2 59. Qe2 {[%emt 0:01:05] [#]} Nf2 $1 60. Qd3 (60. Ke3 d1=Q) 60... Nxd3 {[%emt 0:00:14] Weighted Error Value: White=1.00/Black=0.37} 0-1

[Event "Summer Prague Open-A 2022"]
[Site "Prague"]
[Date "2022.08.10"]
[Round "7.15"]
[White "Hajiyev, Kanan"]
[Black "Sorm, Daniel"]
[Result "1/2-1/2"]
[ECO "A46"]
[WhiteElo "2142"]
[BlackElo "2308"]
[Annotator "TA"]
[PlyCount "142"]
[EventDate "2022.08.05"]
[EventType "swiss"]
[EventCountry "CZE"]
[SourceTitle "playchess.com"]
[Source "ChessBase"]
[SourceQuality "1"]
[TimeControl "40/5400+30:1800+30"]

1. d4 Nf6 2. Nf3 d6 3. g3 Nbd7 4. Bg2 e5 5. c4 c6 6. dxe5 dxe5 7. O-O Bc5 {[%emt 0:02:39] A53: Old Indian Defence without Nf3.} 8. Nc3 O-O 9. Na4 Be7 10. Qc2 {[%emt 0:07:19] [#]} b6 $146 ({Predecessor:} 10... Re8 11. h3 Bf8 12. Be3 h6 13. Rfd1 Qc7 14. Nd2 Nb6 15. Nc5 Nh7 16. b4 f5 {½-½ (35) Papin,V (2502)-Kazhgaleyev,M (2576) Melbourne 2014}) 11. Nh4 Bb7 12. Nf5 $1 Re8 13. Rd1 {[%emt 0:05:03] White is more active.} Qc7 14. Nxe7+ Rxe7 15. Bg5 h6 16. Bxf6 Nxf6 17. c5 e4 18. Rd4 Qe5 {[%emt 0:07:15] [#]} (18... Ba6 $11 {keeps the balance.}) 19. e3 $1 $16 b5 20. Nc3 Qxc5 21. Rc1 Rd7 {[%emt 0:21:59] Prevents Nd5.} 22. Nxe4 Qxc2 23. Nxf6+ gxf6 24. Rxc2 Rxd4 25. exd4 {[%emt 0:00:02][%mdl 4096] Endgame KRB-KRB} Rc8 26. b4 Rd8 27. Rd2 (27. a3 $16) 27... a5 (27... Rd6 $14) 28. bxa5 Ra8 {[%emt 0:00:07] [#]} 29. Rc2 $1 {[%emt 0:00:12] Black must now prevent d5.} Ra6 30. Rc5 {[%emt 0:02:11] d5 is the strong threat.} Rxa5 31. Bxc6 Bxc6 32. Rxc6 Rxa2 33. Rxf6 {[%emt 0:00:18] KR-KR} Kg7 34. Rd6 b4 35. Rb6 Ra4 36. Kg2 b3 37. d5 Rd4 38. Rxb3 {[%emt 0:00:20] Hoping for Rb5.} Rxd5 39. Rb6 Rd3 40. f4 (40. Rb5 $16) 40... Rd2+ $14 41. Kh3 f5 42. Rb1 Kg6 43. Rg1 Kh5 44. Rg2 Rd3 45. Re2 Rb3 46. Re5 Kg6 47. Kh4 {[%emt 0:00:00] aiming for Re6+.} Rb2 48. h3 Rh2 49. Re6+ Kg7 50. Ra6 Rh1 51. Rb6 Rh2 52. g4 (52. Rd6 $16) 52... fxg4 $11 {[%emt 0:00:09] The position is equal.} 53. Kxg4 Rg2+ 54. Kf5 h5 55. Rb7+ Kh6 56. Rb3 h4 57. Kf6 Rg3 58. Rb8 Kh7 {[%emt 0:00:04] Prevents Rh8+.} 59. f5 Rxh3 60. Rb7+ Kh6 61. Rb8 Kh7 {[%emt 0:00:54] Prevents Rh8+.} 62. Kf7 Rf3 63. f6 h3 64. Rb4 Kh6 65. Rb8 Kg5 66. Rg8+ Kh4 67. Ke7 h2 68. f7 Rxf7+ 69. Kxf7 Kh3 70. Rh8+ Kg2 71. Rxh2+ Kxh2 {Weighted Error Value: White=0.08 (flawless) /Black=0.09 (flawless)} 1/2-1/2

[Event "Summer Prague Open-A 2022"]
[Site "Prague"]
[Date "2022.08.10"]
[Round "7.16"]
[White "Parligras, Cosmin"]
[Black "Kristiansen, Willy M"]
[Result "1-0"]
[ECO "A13"]
[WhiteElo "2277"]
[BlackElo "2121"]
[Annotator "TA"]
[PlyCount "83"]
[EventDate "2022.08.05"]
[EventType "swiss"]
[EventCountry "CZE"]
[SourceTitle "playchess.com"]
[Source "ChessBase"]
[SourceQuality "1"]
[TimeControl "40/5400+30:1800+30"]

1. Nf3 d5 2. c4 e6 3. g3 c5 4. cxd5 exd5 5. d4 Nc6 6. Bg2 Nf6 7. O-O Be7 8. b3 O-O 9. dxc5 Bxc5 10. Bb2 Re8 11. Nc3 Bg4 12. Rc1 Bf8 13. h3 Bh5 {[%emt 0:06:01] D34: Tarrasch Defence: 6 g3 Nf6 7 Bg2 Be7.} 14. e3 Qa5 (14... Ne4 $14) 15. a3 $16 Ne4 {[%emt 0:06:30] [#] White is better.} 16. b4 $1 {[%emt 0:02:46] [#]} (16. Nxd5 $2 Rad8 17. b4 Qxd5 $19) (16. Qxd5 Nxc3 17. Qxa5 Ne2+ 18. Kh2 Nxa5 $17) 16... Nxb4 $146 (16... Nxc3 $16 {is a better defense.} 17. Rxc3 (17. bxa5 Nxd1 18. Rfxd1 Bg6 $16) (17. Bxc3 Qxa3 18. b5 Ne7 $11) 17... Qd8) ({Predecessor:} 16... Nxc3 17. bxa5 Nxd1 18. Rfxd1 Red8 19. g4 Bg6 20. a6 Rab8 21. Ne5 Nxe5 22. Bxe5 {1-0 (22) Solozhenkin,E (2480)-Zolnierowicz,K (2355) Lublin 1993}) 17. axb4 $18 Qxb4 18. Ba1 Rad8 19. g4 (19. Nxd5 Qa5 $11) 19... Bg6 20. Qd4 (20. Nxd5 Qa5 $11) 20... Qa5 21. Qa4 (21. Nh4 $142) 21... Qxa4 22. Nxa4 b5 23. Nc3 Nxc3 24. Bxc3 b4 25. Bd4 b3 26. Ne5 {[%emt 0:09:46] Inhibits Bd3.} Bc2 27. Nc6 Rd7 28. Ra1 (28. Nxa7 h6 29. f4 Ra8 $18) 28... g5 29. Ne5 (29. Nxa7 $6 Bg7 $16) (29. Rxa7 Rxa7 30. Nxa7 Bg7 $16) 29... Rde7 30. Nc6 (30. Nf3 $18) 30... Rc7 $2 (30... Rd7 $1 $11 {and Black stays safe.}) 31. Nxa7 (31. Bxd5 $18 {Black must now prevent Na5.} Bg7 32. Ra5 (32. Nxa7 Bxd4 33. exd4 b2 $17) (32. Rxa7 Rxa7 33. Bxa7 b2 $16)) 31... Bg7 (31... Bc5 $16) 32. Nb5 ({Worse is} 32. Bxd5 Bxd4 33. exd4 b2 $17) 32... Rd7 (32... Bxd4 $142 33. Nxd4 (33. Nxc7 Bxa1 34. Nxe8 b2 $16) 33... b2) 33. Bxg7 Kxg7 34. Nd4 Bd3 {[%emt 0:00:54] [#]} 35. Nxb3 Bxf1 36. Kxf1 ({Don't play} 36. Rxf1 Rc8 37. Ra1 Rcc7 $18) 36... Rb8 37. Nd4 f6 38. Bf3 {[%emt 0:00:46] White is clearly winning.} Rb2 39. Ra5 h5 40. gxh5 Rbb7 41. Bxd5 Ra7 42. Rc5 {[%emt 0:00:31] Weighted Error Value: White=0.24 (precise) /Black=0.53} 1-0

[Event "Summer Prague Open-A 2022"]
[Site "Prague"]
[Date "2022.08.10"]
[Round "7.17"]
[White "Kowalec, Maciej"]
[Black "Slampa, Jan"]
[Result "0-1"]
[ECO "D10"]
[WhiteElo "2104"]
[BlackElo "2254"]
[Annotator "TA"]
[PlyCount "70"]
[EventDate "2022.08.05"]
[EventType "swiss"]
[EventCountry "CZE"]
[SourceTitle "playchess.com"]
[Source "ChessBase"]
[SourceQuality "1"]
[TimeControl "40/5400+30:1800+30"]

1. d4 d5 2. c4 c6 3. Nc3 a6 4. e3 Nf6 5. Nf3 b5 6. b3 Bg4 7. h3 {[%emt 0:02:59] 7.a4 is becoming the main line.} Bxf3 8. Qxf3 e5 9. dxe5 {[%emt 0:05:26] D15: Slav Defence: 4 Nc3 a6 and gambit lines after 4 Nc3 dxc4.} Bb4 10. Bd2 Bxc3 11. Bxc3 {[%emt 0:00:12] The position is equal.} Ne4 12. Bd2 {[%emt 0:09:50] [#]} (12. Bb4 $1 $11 c5 {[#]} 13. Rd1 $1) 12... Nxd2 $146 ({Predecessor:} 12... bxc4 13. bxc4 Nd7 14. cxd5 Nxd2 15. Kxd2 Qa5+ 16. Kd1 Qa4+ 17. Kd2 Rb8 18. Bd3 Qa5+ 19. Kc2 Qc5+ 20. Kd1 Qc3 {0-1 (20) Sauve,R (1926)-Laflamme,S (1974) Ste Foy 2018}) 13. Kxd2 dxc4+ 14. Kc2 O-O 15. Be2 a5 (15... cxb3+ $17 16. axb3 Nd7) 16. Rhd1 Qe7 17. Qf5 (17. bxc4 $11 {keeps the balance.} Na6 18. Qe4) 17... Na6 18. Rd6 (18. bxc4 $15 Qa3 19. Kd2) 18... Nb4+ 19. Kb2 cxb3 (19... Nd5 $19 {And now ...c3+ would win.} 20. Bf3 g6) 20. axb3 a4 (20... Nd5 $17 {...a4 is the strong threat.} 21. Qe4 (21. Bxb5 Nxe3 22. Qe4 cxb5 $17) 21... Rfd8) 21. bxa4 $2 (21. Qe4 $1 $11 {and White is okay.} Rad8 22. Qd4 (22. Qxb4 Qxe5+ 23. Rd4 c5 $17)) 21... bxa4 $19 22. Ra3 $2 {[%emt 0:05:58][%mdl 8192] Now White is beyond hope.} (22. Bc4 $17) 22... Nd5 {[%emt 0:04:02] Hoping for ...Qb7+. Dancing on a razor blade.} 23. Kc1 Rab8 24. Bc4 g6 25. Qe4 Rb4 (25... Qb7 $142 26. Qc2 Qb4) 26. f4 $2 (26. Kd1) 26... Qh4 27. Kd1 {[%emt 0:02:13] Prevents Qe1+.} Rfb8 {[%emt 0:00:13] ( -> ...Qf2)} 28. Bxd5 Rxe4 (28... cxd5 $142 29. Qxd5 Rb1+ 30. Ke2 R8b2+ 31. Kf3 Rf1+ 32. Ke4 Rb4+ 33. Qd4 Rxd4+ 34. Rxd4 Qf2 35. Rd8+ Kg7) 29. Bxe4 Qf2 {[%emt 0:00:15] White must now prevent ...Qf1+.} 30. Rxa4 {[%emt 0:03:26] [#]} (30. Rxc6 $19 Rb4 31. Rc8+ Kg7 32. Bc2) 30... Qf1+ {[%emt 0:00:44] Black mates.} 31. Kc2 Qb1+ 32. Kd2 Rb2+ 33. Kc3 Qc1+ 34. Kd4 Qd1+ 35. Kc3 Qb3+ {[%emt 0:00:02] Weighted Error Value: White=1.11/Black=0.44} 0-1

[Event "Summer Prague Open-A 2022"]
[Site "Prague"]
[Date "2022.08.10"]
[Round "7.18"]
[White "Jordanov, Mihail"]
[Black "Polster, Christian"]
[Result "0-1"]
[ECO "B34"]
[WhiteElo "2158"]
[BlackElo "2236"]
[Annotator "TA"]
[PlyCount "52"]
[EventDate "2022.08.05"]
[EventType "swiss"]
[EventCountry "CZE"]
[SourceTitle "playchess.com"]
[Source "ChessBase"]
[SourceQuality "1"]
[TimeControl "40/5400+30:1800+30"]

1. e4 c5 2. Nf3 Nc6 3. d4 cxd4 4. Nxd4 Nf6 5. Nc3 e5 6. Ndb5 d6 7. Nd5 Nxd5 8. exd5 Nb8 9. a4 Be7 10. Be2 O-O 11. O-O {[%emt 0:00:06] B33: Sicilian: Pelikan and Sveshnikov Variations.} f5 12. f4 Nd7 13. Be3 {[%emt 0:18:35] The position is equal.} a6 {[%emt 0:01:33] Hoping for ...exf4.} 14. Na3 $1 exf4 {[%emt 0:07:52] [#]} 15. Rxf4 $146 (15. Bxf4 $11 {remains equal.} Qb6+ 16. Kh1) ({Predecessor:} 15. Bxf4 Qb6+ 16. Kh1 Qxb2 17. Nc4 Qf6 18. Bd3 Nc5 19. Nb6 Rb8 20. Be3 Nxd3 21. Qxd3 {½-½ (66) Ljukin,S (2368)-Skliarov,V (2376) Chess.com INT 2020}) 15... Bg5 $17 16. Nc4 {[%emt 0:00:27] [#]} Re8 $1 $36 {[%emt 0:28:09][%mdl 2048] And now ...Rxe3 would win. Black has strong initiative.} 17. Qd2 {[%emt 0:23:10] [#]} Ne5 $1 18. Ra3 $2 Bxf4 $19 19. Bxf4 Nxc4 20. Bxc4 Qb6+ 21. Kf1 Qxb2 22. Bxd6 (22. Rb3 Qa1+ 23. Kf2) 22... Qb1+ {[%emt 0:00:13] Black is clearly winning.} 23. Kf2 Qb6+ 24. Re3 Re4 ({And not} 24... Rxe3 25. Qxe3 Qxe3+ 26. Kxe3 $17) 25. Ba3 f4 26. d6+ Be6 {[%emt 0:00:21] White got outplayed after the opening.  Weighted Error Value: White=1.17/Black=0.00 (flawless)} 0-1